 Dungeon Crawl Stone Soup version 0.27-a0-1181-g5f64966fcc (webtiles) character file.

Game seed: 158850323977186402

193 streetpizza the Ducker (level 6, -12/46 HPs)
             Began as a Djinni Gladiator on May 17, 2021.
             Was a Believer of Jiyva.
             Mangled by a mummy (18 damage)
             ... on level 4 of the Dungeon.
             The game lasted 00:06:28 (3654 turns).

streetpizza the Ducker (Djinni Gladiator)           Turns: 3654, Time: 00:06:28

Health: -12/46     AC:  4    Str: 13    XL:     6   Next: 2%
Gold:   60         EV: 13    Int: 11    God:    Jiyva [**....] SH:  0 Dex: 15

rFire    + + .     SeeInvis .   a - +0 long sword
rCold    x . .     Faith    .   (no shield)
rNeg     . . .     Spirit   .   b - +0 leather armour
rPois    ∞         Reflect  .   c - +0 helmet
rElec    .         Harm     .   (no cloak)
rCorr    .         Rampage  .   (no gloves)
Will     .....                  (boots unavailable)
Stlth    +.........             (no amulet)
HPRegen  0.15/turn              (no ring)
MPRegen  0.00/turn              (no ring)

@: flying
A: sickness immunity, fire resistance 2, cold vulnerability 1, float, innate
caster, hp casting, extra vitality 1
a: Renounce Religion, Request Jelly


You were on level 4 of the Dungeon.
You worshipped Jiyva.
Jiyva was pleased with you.
You visited 1 branch of the dungeon, and saw 4 of its levels.

You collected 60 gold pieces.

Inventory:

Hand Weapons
 a - a +0 long sword (weapon)
Missiles
 d - 3 throwing nets
 g - 11 poisoned darts (quivered)
Armour
 b - a +0 leather armour (worn)
 c - a +0 helmet (worn)
Jewellery
 o - an amulet of faith
Scrolls
 h - a scroll of brand weapon {unknown}
 i - a scroll of fear {unknown}
 j - a scroll of acquirement {unknown}
 k - 3 scrolls of identify {unknown}
 n - a scroll of summoning {unknown}
 p - a scroll of holy word {unknown}
Potions
 e - a potion of haste {unknown}
 f - a potion of degeneration {unknown}
 l - 2 potions of heal wounds {unknown}
 m - 2 potions of lignification {unknown}
 q - a potion of ambrosia {unknown}


   Skills:
 + Level 3.3 Fighting
 + Level 3.6 Long Blades
 - Level 1.5 Throwing
 + Level 4.4 Dodging
 + Level 1.7 Spellcasting


You had 5 spell levels left.
You knew the following spells:

 Your Spells              Type           Power      Damage    Failure   Level
a - Corona                Hex            4%         N/A       19%         1
b - Poisonous Vapours     Pois/Air       8%         N/A       28%         2
Your spell library was empty.

Dungeon Overview and Level Annotations

Branches:
Dungeon (4/15)
 Temple: D:4-7

Altars:
Jiyva

Portals:
Ossuary: D:4


Innate Abilities, Weirdness & Mutations

You are immune to sickness and miasma.
You are immune to poison.
Your flesh is very heat resistant. (rF++)
You are vulnerable to cold. (rC-)
You float through the air rather than walking.
You learn spells naturally, not from books.
Your magical power is your life essence.
You have superior vitality. (+4 HP)


Message History

The adder is heavily wounded.
The adder bites you but does no damage.
You slash the adder!
You kill the adder!
You hear a distant slurping noise.
You have reached level 6!
Your experience leads to an increase in your attributes!
Increase (S)trength, (I)ntelligence, or (D)exterity?
You feel clever.
You reach down and open the door.
A mummy comes into view.
Found a sand-covered staircase.
You hit the mummy but do no damage. You hit the mummy but do no damage.
The mummy hits you but does no damage.
You hit the mummy.
The mummy is moderately damaged.
The mummy closely misses you.
You hit the mummy.
The mummy is heavily damaged.
The mummy barely misses you.
You hit the mummy but do no damage.
The mummy is heavily damaged.
You hit the mummy.
The mummy is heavily damaged.
The mummy hits you!
* * * LOW HITPOINT WARNING * * *
You hit the mummy.
The mummy is heavily damaged.
The mummy hits you.
* * * LOW HITPOINT WARNING * * *
You hit the mummy.
The mummy is severely damaged.
The mummy closely misses you.
You riposte.
You hit the mummy.
The mummy is almost destroyed.
You hit the mummy but do no damage.
The mummy is almost destroyed.
You hit the mummy but do no damage.
The mummy is almost destroyed.
The mummy hits you!!
You die...

#. ...+ ##.........#
#.###.$###.#.......#
#.......##..##......# #.
#...#...###.....##..
#..##.......'.##.†......
........#...###.....#...
........##..##......# ..
#.....†.###.#......#....
#......@M∩##.......#....
.....#..###........#....
##..###.##..............
.... #..#...............
... #....#.............
.. ##...###.###.......#
.....#.............#
..<..#......##......
#.................


You could see a mummy.

Vanquished Creatures
  2 hounds (D:4)
  Jessica (D:2)
  Natasha (D:3)
  4 adders
  2 dart slugs (D:1)
  2 endoplasms (D:1)
  A giant cockroach (D:4)
  6 goblins
  6 hobgoblins
  3 jackals (D:1)
  3 quokkas
  5 ball pythons
  A frilled lizard (D:1)
  3 kobolds
  An orc zombie (D:4)
  4 rats
45 creatures vanquished.

Vanquished Creatures (others)
  A jelly (D:3)
  An iguana (D:3)
  Natasha (twice) (D:3)
  An adder (D:3)
  A worm (D:3)
  A dart slug (D:3)
  2 endoplasms (D:3)
  A ball python (D:3)
  3 bats (D:3)
  2 goblins
  A hobgoblin (D:3)
  11 plants (D:2)
27 creatures vanquished.

Grand Total: 72 creatures vanquished

Notes
Turn   | Place    | Note
-------+----------+-------------------------------------------
     0 | D:1      | streetpizza the Djinni Gladiator began the quest for the
                  | Orb.
     0 | D:1      | Reached XP level 1. HP: 18/18 MP: 0/0
   218 | D:1      | Reached XP level 2. HP: 10/23 MP: 0/0
   658 | D:1      | Found a faded altar of an unknown god.
   674 | D:1      | Reached XP level 3. HP: 22/29 MP: 0/0
   674 | D:1      | Learned a level 1 spell: Corona
   684 | D:1      | Became a worshipper of Jiyva Jonnoh the Shapeless
   684 | D:1      | Reached * piety under Jiyva
  1250 | D:2      | Noticed Jessica
  1260 | D:2      | Killed Jessica
  1261 | D:2      | Reached skill level 1 in Spellcasting
  1261 | D:2      | Reached XP level 4. HP: 16/34 MP: 0/0
  1364 | D:2      | Reached ** piety under Jiyva
  2419 | D:3      | Reached skill level 4 in Dodging
  2837 | D:3      | Noticed Natasha
  2851 | D:3      | Killed Natasha
  2852 | D:3      | Reached XP level 5. HP: 3/40 MP: 0/0
  2852 | D:3      | Learned a level 2 spell: Poisonous Vapours
  2857 | D:3      | Killed Natasha
  2858 | D:3      | Noticed Natasha
  2960 | D:3      | Killed Natasha
  3643 | D:4      | Reached XP level 6. HP: 25/46 MP: 0/0
  3644 | D:4      | Found a sand-covered staircase.
  3654 | D:4      | Mangled by a mummy

Illustrated notes

Levels and vault maps discovered:
D:1:      elethiomel_arrival_maze, layout_rooms,
          hellmonk_ecumenical_altar_dog_temple
D:2:      layout_loops_ring, serial_forest, infiniplex_forest_end_2,
          infiniplex_forest_clump_double, infiniplex_forest_end_2,
          infiniplex_forest_straight_1, infiniplex_forest_lined_room_2,
          infiniplex_forest_straight_3, infiniplex_forest_lined_room_3,
          infiniplex_forest_3_way, infiniplex_forest_end_3,
          infiniplex_forest_straight_2, uniq_jessica
D:3:      layout_basic, uniq_natasha
D:4:      layout_cave_pools, fedhas_altar_3, nicolae_ossuary_entry_giza,
          kennysheep_generic_room_13, uniq_crazy_yiuf_cottage

Skill      XL: |  1  2  3  4  5 |
---------------+----------------+-----
Long Blades    | 3 |  3.6
Spellcasting   | 1 |  1.7
Dodging        | 4 |  4.4
Fighting       | 3 |  3.3
Throwing       | |  1.5

Action                   |  1- 3 |  4- 6 || total
-------------------------+-------+-------++-------
Melee: Long sword        |    63 |   187 ||   250
 Stab: Sleeping          |     2 |       ||     2
Armor: Leather armour    |    11 |    33 ||    44
Dodge: Dodged            |    47 |    92 ||   139
       Rpst.: Long sword |    18 |    29 ||    47

Table legend: (Time is in decaauts)
 A = Elapsed time spent in this place.
 B = Non-inter-level travel time spent in this place.
 C = Inter-level travel time spent in this place.
 D = Time resting spent in this place.
 E = Time spent auto-exploring this place.
 F = Levels seen in this place.
 G = Mean time per level.
                   A        B        C        D        E       F      G
               +--------+--------+--------+--------+--------+-----+--------+
         Total |   3718 |   3604 |    114 |      0 |   3071 |   4 |  929.5 |
       Dungeon |   3718 |   3604 |    114 |      0 |   3071 |   4 |  929.5 |
               +--------+--------+--------+--------+--------+-----+--------+

Top non-repeatable levels by time:
     D:2: 1295 daAuts
     D:3: 1145 daAuts
     D:1: 1114 daAuts
     D:4: 163 daAuts
